[ AOE2 MATCH · #474479570 ]
UnrankedEthiopians vs Berbers
[ REPLAY ANALYSIS · EXTRACTED FROM THE RECORDED GAME ]
Feudal
11:18
Castle
15:02
Imperial
36:31
| APM avg | 33.9 |
| APM peak | 77 |
| eAPM avg | 14.1 |
| Villagers / military | 135 / 234 |
Focus
⚔️ 26.9% · 🌾 73.1%
Archer ×217 · Trade Cart ×29 · Bombard Cannon ×14 · Trebuchet (Packed) ×3
Feudal
10:08
Castle
14:18
Imperial
37:38
| APM avg | 44.3 |
| APM peak | 90 |
| eAPM avg | 26.0 |
| Villagers / military | 241 / 393 |
Focus
⚔️ 43.5% · 🌾 56.5%
Skirmisher ×164 · Knight ×121 · Genitour ×51 · Camel Archer ×31 · Trebuchet (Packed) ×10 · Battering Ram ×8
Feudal
10:52
Castle
14:40
Imperial
31:20
| APM avg | 53.9 |
| APM peak | 96 |
| eAPM avg | 36.6 |
| Villagers / military | 149 / 547 |
Focus
⚔️ 37.3% · 🌾 62.7%
Scout Cavalry ×294 · Fire Lancer ×97 · Scorpion ×95 · Knight ×34 · Trade Cart ×28 · Chu Ko Nu ×11
Feudal
10:33
Castle
14:06
Imperial
28:51
| APM avg | 71.6 |
| APM peak | 143 |
| eAPM avg | 33.7 |
| Villagers / military | 190 / 508 |
Focus
⚔️ 42.2% · 🌾 57.8%
Scout Cavalry ×292 · Camel Scout ×96 · Hand Cannoneer ×81 · Trade Cart ×57 · Skirmisher ×16 · Bombard Cannon ×16
Feudal
11:21
Castle
15:16
Imperial
39:34
| APM avg | 48.5 |
| APM peak | 94 |
| eAPM avg | 27.7 |
| Villagers / military | 235 / 457 |
Focus
⚔️ 48.1% · 🌾 51.9%
Spearman ×291 · Scout Cavalry ×79 · Knight ×66 · Trade Cart ×21 · Mangonel ×7 · Trebuchet (Packed) ×7
Feudal
9:27
Castle
20:21
Imperial
38:55
| APM avg | 45.7 |
| APM peak | 86 |
| eAPM avg | 28.0 |
| Villagers / military | 151 / 411 |
Focus
⚔️ 44.5% · 🌾 55.5%
Skirmisher ×269 · Elephant Archer ×104 · Archer ×15 · Ratha (Ranged) ×12 · Trebuchet (Packed) ×7 · Mangonel ×2
Feudal
11:25
Castle
15:25
Imperial
39:53
| APM avg | 48.0 |
| APM peak | 103 |
| eAPM avg | 21.0 |
| Villagers / military | 192 / 8 |
Focus
⚔️ 38.7% · 🌾 61.3%
Unknown (2579) ×144 · Trade Cart ×43 · Skirmisher ×5 · Monk ×2 · Mangonel ×1
Feudal
9:34
Castle
21:47
Imperial
34:36
| APM avg | 49.5 |
| APM peak | 92 |
| eAPM avg | 29.5 |
| Villagers / military | 146 / 520 |
Focus
⚔️ 49.1% · 🌾 50.9%
Spearman ×227 · Skirmisher ×142 · Eagle Scout ×88 · Trade Cart ×59 · Archer ×35 · Battering Ram ×16
Match map
Initial resources + every placement click. Lines = walls · curves = elevation contours. ◆ gold · ⬟ stone · ● berries · ✦ relic · ◌ wall gap
Your base· ✓ Closed at 15:02 · 0t walls · 2 gate(s)
Kaarlos's base· ✓ Closed at 14:18 · 0t walls · 3 gate(s)
pigpig_aoe's base· ✓ Closed at 14:40 · 0t walls · 3 gate(s)
rudymagallol's base· ✓ Closed at 14:06 · 0t walls · 2 gate(s)
[Marty]MeguminEY's base· ✓ Closed at 15:16 · 0t walls · 2 gate(s)
SeemsFishy's base· ✓ Closed at 20:21 · 22t walls · 3 gate(s)
LowEloFY's base· ✓ Closed at 15:25 · 5t walls · 1 gate(s)
lkg's base· ✓ Closed at 21:47 · 10t walls · 3 gate(s)
Smoothed initial terrain · ◌ = detected wall gap · hover for details
Inputs per minute
— The Rohirrim - - Kaarlos
Build order — The Rohirrim
First 150 of 422 actions detected
| 0:01 | Create | Villager (Male) |
| 0:01 | Create | Villager (Male) |
| 0:01 | Create | Villager (Male) |
| 0:03 | Build | House |
| 0:04 | Build | House |
| 0:14 | Create | Villager (Male) |
| 0:14 | Create | Villager (Male) |
| 1:27 | Create | Villager (Male) |
| 1:27 | Create | Villager (Male) |
| 2:19 | Create | Villager (Male) |
| 2:19 | Create | Villager (Male) |
| 2:19 | Create | Villager (Male) |
| 2:20 | Create | Villager (Male) |
| 2:21 | Build | Lumber Camp |
| 2:55 | Create | Villager (Male) |
| 2:55 | Create | Villager (Male) |
| 3:10 | Create | Villager (Male) |
| 3:10 | Create | Villager (Male) |
| 4:01 | Create | Villager (Male) |
| 4:02 | Create | Villager (Male) |
| 4:02 | Create | Villager (Male) |
| 4:08 | Build | House |
| 4:19 | Create | Villager (Male) |
| 4:19 | Create | Villager (Male) |
| 5:00 | Build | House |
| 5:18 | Create | Villager (Male) |
| 5:18 | Create | Villager (Male) |
| 5:20 | Build | Mill |
| 5:45 | Create | Villager (Male) |
| 5:46 | Create | Villager (Male) |
| 5:46 | Create | Villager (Male) |
| 5:46 | Create | Villager (Male) |
| 5:46 | Create | Villager (Male) |
| 6:45 | Build | Mining Camp |
| 7:28 | Create | Villager (Male) |
| 7:28 | Create | Villager (Male) |
| 7:59 | Create | Villager (Male) |
| 8:00 | Create | Villager (Male) |
| 8:33 | Research | Feudal Age |
| 8:42 | Create | Villager (Male) |
| 8:51 | Build | Barracks |
| 9:05 | Research | Feudal Age |
| 11:17 | Create | Villager (Male) |
| 11:17 | Create | Villager (Male) |
| 11:18 | Age | Feudal Age |
| 11:21 | Build | Market |
| 11:24 | Build | House |
| 11:29 | Build | Archery Range |
| 12:22 | Research | Castle Age |
| 12:22 | Research | Castle Age |
| 12:25 | Create | Archer |
| 12:30 | Build | Archery Range |
| 13:01 | Build | Blacksmith |
| 13:13 | Research | Loom |
| 13:13 | Create | Villager (Male) |
| 13:14 | Create | Villager (Male) |
| 13:26 | Build | House |
| 13:31 | Create | Archer |
| 13:33 | Create | Archer |
| 13:34 | Create | Archer |
| 13:41 | Build | House |
| 13:59 | Build | House |
| 14:18 | Research | Fletching |
| 14:18 | Research | Padded Archer Armor |
| 14:21 | Build | House |
| 14:22 | Build | House |
| 14:23 | Build | House |
| 14:31 | Build | Farm |
| 14:32 | Build | Farm |
| 14:32 | Build | Farm |
| 14:32 | Build | Farm |
| 14:33 | Build | Farm |
| 14:33 | Build | Farm |
| 15:02 | Age | Castle Age |
| 15:13 | Build | Farm |
| 15:13 | Build | Farm |
| 15:23 | Research | Bodkin Arrow |
| 15:35 | Build | Farm |
| 15:37 | Build | Farm |
| 15:43 | Build | Farm |
| 16:19 | Create | Villager (Male) |
| 16:34 | Research | Crossbowman (upgrade) |
| 17:21 | Create | Archer |
| 17:21 | Create | Archer |
| 17:21 | Create | Archer |
| 17:30 | Build | Farm |
| 17:35 | Build | University |
| 17:38 | Create | Villager (Male) |
| 17:38 | Create | Villager (Male) |
| 17:38 | Create | Villager (Male) |
| 17:57 | Build | House |
| 17:57 | Build | House |
| 18:01 | Create | Villager (Male) |
| 18:08 | Build | Farm |
| 18:34 | Create | Villager (Male) |
| 18:55 | Build | Town Center |
| 18:59 | Create | Villager (Male) |
| 19:16 | Create | Archer |
| 19:16 | Create | Archer |
| 19:17 | Create | Archer |
| 19:17 | Create | Archer |
| 19:17 | Create | Archer |
| 19:39 | Create | Villager (Male) |
| 19:41 | Research | Double-Bit Axe |
| 20:18 | Create | Villager (Male) |
| 20:18 | Create | Villager (Male) |
| 20:42 | Research | Ballistics |
| 20:42 | Research | Ballistics |
| 21:28 | Create | Villager (Male) |
| 21:28 | Create | Villager (Male) |
| 21:28 | Create | Archer |
| 21:28 | Create | Archer |
| 21:28 | Create | Archer |
| 21:28 | Create | Archer |
| 21:28 | Create | Archer |
| 21:29 | Create | Archer |
| 21:47 | Create | Villager (Male) |
| 21:47 | Create | Villager (Male) |
| 21:48 | Create | Villager (Male) |
| 21:49 | Build | Farm |
| 21:50 | Build | Farm |
| 21:50 | Build | Farm |
| 21:50 | Build | Farm |
| 21:51 | Build | Farm |
| 21:53 | Create | Villager (Male) |
| 21:54 | Create | Villager (Male) |
| 21:54 | Create | Villager (Male) |
| 22:06 | Build | Farm |
| 22:54 | Build | Farm |
| 22:54 | Build | Farm |
| 22:54 | Build | Farm |
| 22:55 | Build | Farm |
| 22:55 | Build | Farm |
| 22:55 | Build | Farm |
| 22:56 | Build | Farm |
| 22:58 | Create | Villager (Male) |
| 22:58 | Create | Villager (Male) |
| 23:00 | Create | Archer |
| 23:00 | Create | Archer |
| 23:00 | Create | Archer |
| 23:26 | Create | Villager (Male) |
| 23:26 | Create | Villager (Male) |
| 23:26 | Create | Villager (Male) |
| 23:27 | Create | Villager (Male) |
| 23:36 | Build | Farm |
| 23:37 | Build | Farm |
| 23:38 | Create | Villager (Male) |
| 23:38 | Create | Villager (Male) |
| 23:38 | Create | Villager (Male) |
| 24:13 | Create | Villager (Male) |
Build order — Kaarlos
First 150 of 945 actions detected
| 0:01 | Create | Villager (Male) |
| 0:01 | Create | Villager (Male) |
| 0:02 | Build | House |
| 0:03 | Build | House |
| 0:06 | Create | Villager (Male) |
| 0:06 | Create | Villager (Male) |
| 1:25 | Create | Villager (Male) |
| 1:26 | Create | Villager (Male) |
| 1:53 | Build | Lumber Camp |
| 1:59 | Create | Villager (Male) |
| 1:59 | Create | Villager (Male) |
| 1:59 | Create | Villager (Male) |
| 2:17 | Create | Villager (Male) |
| 2:17 | Create | Villager (Male) |
| 2:48 | Create | Villager (Male) |
| 2:48 | Create | Villager (Male) |
| 3:03 | Create | Villager (Male) |
| 3:25 | Build | House |
| 3:36 | Create | Villager (Male) |
| 3:36 | Create | Villager (Male) |
| 3:45 | Create | Villager (Male) |
| 3:45 | Create | Villager (Male) |
| 4:11 | Build | Mill |
| 4:33 | Build | House |
| 4:38 | Create | Villager (Male) |
| 4:38 | Create | Villager (Male) |
| 4:38 | Create | Villager (Male) |
| 5:02 | Create | Villager (Male) |
| 5:02 | Create | Villager (Male) |
| 5:24 | Create | Villager (Male) |
| 5:24 | Create | Villager (Male) |
| 5:25 | Create | Villager (Male) |
| 6:41 | Create | Villager (Male) |
| 7:12 | Build | Mining Camp |
| 7:22 | Create | Villager (Male) |
| 7:35 | Build | Farm |
| 7:41 | Research | Feudal Age |
| 9:34 | Create | Villager (Male) |
| 10:08 | Age | Feudal Age |
| 10:12 | Build | Market |
| 10:14 | Build | Blacksmith |
| 10:33 | Create | Villager (Male) |
| 11:38 | Research | Castle Age |
| 12:02 | Build | House |
| 12:24 | Research | Double-Bit Axe |
| 12:36 | Build | Farm |
| 12:38 | Build | House |
| 12:55 | Research | Horse Collar |
| 12:59 | Build | Farm |
| 13:18 | Create | Villager (Male) |
| 13:22 | Build | Farm |
| 13:23 | Build | Farm |
| 14:18 | Age | Castle Age |
| 14:23 | Build | Town Center |
| 14:25 | Research | Bow Saw |
| 14:38 | Create | Villager (Male) |
| 14:53 | Create | Villager (Male) |
| 15:05 | Build | Town Center |
| 15:15 | Create | Villager (Male) |
| 15:24 | Create | Villager (Male) |
| 15:24 | Create | Villager (Male) |
| 15:27 | Build | Farm |
| 15:37 | Build | Farm |
| 15:44 | Create | Villager (Male) |
| 15:44 | Create | Villager (Male) |
| 15:49 | Build | Farm |
| 16:07 | Build | Farm |
| 16:14 | Create | Villager (Male) |
| 16:19 | Build | Farm |
| 16:20 | Build | Farm |
| 16:21 | Build | Farm |
| 16:28 | Build | Farm |
| 16:35 | Create | Villager (Male) |
| 16:35 | Create | Villager (Male) |
| 16:39 | Build | Farm |
| 16:45 | Build | Farm |
| 16:48 | Create | Villager (Male) |
| 16:48 | Create | Villager (Male) |
| 16:58 | Build | Farm |
| 17:04 | Build | Farm |
| 17:05 | Create | Villager (Male) |
| 17:06 | Create | Villager (Male) |
| 17:14 | Build | Farm |
| 17:16 | Create | Villager (Male) |
| 17:17 | Create | Villager (Male) |
| 17:21 | Build | Farm |
| 17:22 | Create | Villager (Male) |
| 17:33 | Build | Farm |
| 17:40 | Create | Villager (Male) |
| 17:40 | Create | Villager (Male) |
| 17:42 | Create | Villager (Male) |
| 17:42 | Create | Villager (Male) |
| 17:44 | Build | Farm |
| 17:51 | Create | Villager (Male) |
| 17:52 | Create | Villager (Male) |
| 18:05 | Build | Barracks |
| 18:06 | Create | Villager (Male) |
| 18:06 | Create | Villager (Male) |
| 18:08 | Create | Villager (Male) |
| 18:08 | Create | Villager (Male) |
| 18:15 | Build | Farm |
| 18:16 | Create | Villager (Male) |
| 18:16 | Create | Villager (Male) |
| 18:29 | Build | House |
| 18:30 | Create | Villager (Male) |
| 18:30 | Create | Villager (Male) |
| 18:35 | Create | Villager (Male) |
| 18:35 | Create | Villager (Male) |
| 18:37 | Build | Farm |
| 18:39 | Create | Villager (Male) |
| 18:39 | Create | Villager (Male) |
| 18:44 | Build | House |
| 18:45 | Create | Villager (Male) |
| 18:45 | Create | Villager (Male) |
| 18:51 | Research | Loom |
| 18:55 | Research | Wheelbarrow |
| 18:55 | Research | Wheelbarrow |
| 18:55 | Research | Wheelbarrow |
| 19:01 | Build | House |
| 19:02 | Build | House |
| 19:05 | Create | Villager (Male) |
| 19:05 | Create | Villager (Male) |
| 19:07 | Build | House |
| 19:08 | Build | House |
| 19:21 | Build | Siege Workshop |
| 19:26 | Create | Villager (Male) |
| 19:26 | Create | Villager (Male) |
| 19:26 | Create | Villager (Male) |
| 19:27 | Create | Villager (Male) |
| 19:34 | Create | Villager (Male) |
| 19:35 | Create | Villager (Male) |
| 19:40 | Build | House |
| 19:42 | Build | House |
| 19:48 | Build | House |
| 19:51 | Build | House |
| 19:59 | Build | House |
| 20:02 | Build | House |
| 20:07 | Create | Villager (Male) |
| 20:15 | Create | Mangonel |
| 20:15 | Create | Mangonel |
| 20:17 | Create | Villager (Male) |
| 20:21 | Build | House |
| 20:23 | Build | House |
| 20:26 | Create | Villager (Male) |
| 20:26 | Create | Villager (Male) |
| 20:34 | Build | Lumber Camp |
| 20:35 | Create | Villager (Male) |
| 20:37 | Create | Villager (Male) |
| 20:40 | Create | Villager (Male) |
| 20:40 | Create | Villager (Male) |
Build order — pigpig_aoe
First 150 of 927 actions detected
| 0:02 | Research | Loom |
| 0:51 | Create | Villager (Male) |
| 1:21 | Build | Lumber Camp |
| 1:37 | Create | Villager (Male) |
| 1:53 | Create | Villager (Male) |
| 2:04 | Build | House |
| 2:18 | Create | Villager (Male) |
| 2:49 | Create | Villager (Male) |
| 2:51 | Create | Villager (Male) |
| 3:32 | Create | Villager (Male) |
| 3:58 | Create | Villager (Male) |
| 4:26 | Create | Villager (Male) |
| 4:26 | Create | Villager (Male) |
| 4:54 | Create | Villager (Male) |
| 5:23 | Create | Villager (Male) |
| 5:28 | Create | Villager (Male) |
| 5:54 | Build | House |
| 6:12 | Create | Villager (Male) |
| 6:32 | Create | Villager (Male) |
| 6:39 | Build | Mill |
| 6:52 | Create | Villager (Male) |
| 6:54 | Create | Villager (Male) |
| 7:40 | Build | House |
| 7:56 | Build | Mining Camp |
| 8:00 | Create | Villager (Male) |
| 8:03 | Build | Farm |
| 8:17 | Research | Feudal Age |
| 8:48 | Build | Farm |
| 8:50 | Build | Farm |
| 10:05 | Create | Villager (Male) |
| 10:45 | Create | Villager (Male) |
| 10:52 | Age | Feudal Age |
| 10:54 | Build | Market |
| 10:59 | Build | Blacksmith |
| 12:00 | Research | Castle Age |
| 12:00 | Research | Castle Age |
| 12:10 | Build | Farm |
| 12:14 | Build | Farm |
| 12:36 | Research | Double-Bit Axe |
| 12:40 | Build | House |
| 12:40 | Build | House |
| 13:07 | Research | Horse Collar |
| 13:55 | Build | House |
| 14:24 | Create | Villager (Male) |
| 14:40 | Age | Castle Age |
| 14:41 | Build | Town Center |
| 14:51 | Build | Town Center |
| 14:54 | Create | Villager (Male) |
| 14:55 | Research | Bow Saw |
| 15:26 | Create | Villager (Male) |
| 15:51 | Create | Villager (Male) |
| 15:57 | Build | House |
| 16:06 | Create | Villager (Male) |
| 16:07 | Create | Villager (Male) |
| 16:10 | Build | Farm |
| 16:11 | Build | Farm |
| 16:18 | Build | Farm |
| 16:23 | Build | Farm |
| 16:23 | Create | Villager (Male) |
| 16:39 | Create | Villager (Male) |
| 16:39 | Create | Villager (Male) |
| 16:45 | Create | Villager (Male) |
| 16:50 | Build | Farm |
| 16:51 | Build | Farm |
| 17:06 | Create | Villager (Male) |
| 17:10 | Build | Farm |
| 17:13 | Create | Villager (Male) |
| 17:28 | Create | Villager (Male) |
| 17:34 | Build | House |
| 17:38 | Create | Villager (Male) |
| 17:59 | Create | Villager (Male) |
| 18:01 | Build | Farm |
| 18:02 | Build | Farm |
| 18:11 | Create | Villager (Male) |
| 18:21 | Build | Farm |
| 18:25 | Build | Farm |
| 18:28 | Create | Villager (Male) |
| 18:35 | Create | Villager (Male) |
| 18:43 | Build | Farm |
| 19:00 | Create | Villager (Male) |
| 19:14 | Build | Castle |
| 19:22 | Create | Villager (Male) |
| 19:29 | Create | Villager (Male) |
| 19:29 | Create | Villager (Male) |
| 19:34 | Build | Farm |
| 19:43 | Create | Villager (Male) |
| 19:50 | Build | Farm |
| 19:51 | Build | Farm |
| 19:52 | Build | Farm |
| 20:04 | Build | Market |
| 20:05 | Create | Villager (Male) |
| 20:23 | Build | Farm |
| 20:24 | Build | Farm |
| 20:32 | Build | Farm |
| 20:32 | Build | Farm |
| 20:40 | Create | Villager (Male) |
| 20:41 | Create | Villager (Male) |
| 20:58 | Create | Villager (Male) |
| 21:08 | Build | Farm |
| 21:08 | Create | Villager (Male) |
| 21:22 | Research | Wheelbarrow |
| 21:24 | Create | Chu Ko Nu |
| 21:24 | Create | Chu Ko Nu |
| 21:30 | Create | Villager (Male) |
| 21:31 | Create | Villager (Male) |
| 21:39 | Create | Villager (Male) |
| 21:40 | Create | Villager (Male) |
| 21:41 | Create | Villager (Male) |
| 21:46 | Build | Farm |
| 21:46 | Build | Farm |
| 21:51 | Build | Farm |
| 21:52 | Build | Farm |
| 21:53 | Create | Villager (Male) |
| 21:53 | Create | Villager (Male) |
| 21:58 | Create | Chu Ko Nu |
| 22:04 | Build | Palisade Gate |
| 22:09 | Build | House |
| 22:12 | Research | Fletching |
| 22:12 | Create | Villager (Male) |
| 22:12 | Create | Villager (Male) |
| 22:17 | Build | Farm |
| 22:28 | Create | Villager (Male) |
| 22:42 | Research | Heavy Plow |
| 22:42 | Create | Villager (Male) |
| 22:53 | Build | House |
| 22:54 | Build | House |
| 22:55 | Build | House |
| 22:55 | Build | House |
| 23:01 | Research | Bodkin Arrow |
| 23:03 | Create | Chu Ko Nu |
| 23:11 | Create | Villager (Male) |
| 23:12 | Create | Villager (Male) |
| 23:16 | Build | Farm |
| 23:16 | Create | Villager (Male) |
| 23:35 | Build | Town Center |
| 23:39 | Create | Villager (Male) |
| 23:39 | Create | Villager (Male) |
| 23:41 | Create | Villager (Male) |
| 24:05 | Research | Gold Mining |
| 24:06 | Create | Villager (Male) |
| 24:12 | Create | Villager (Male) |
| 24:20 | Create | Villager (Male) |
| 24:23 | Build | Monastery |
| 24:26 | Create | Villager (Male) |
| 24:26 | Create | Villager (Male) |
| 24:27 | Create | Villager (Male) |
| 24:42 | Research | Town Watch |
| 24:42 | Research | Padded Archer Armor |
| 24:43 | Create | Villager (Male) |
| 24:45 | Build | House |
Build order — rudymagallol
First 150 of 913 actions detected
| 0:02 | Create | Villager (Male) |
| 0:03 | Create | Villager (Male) |
| 0:04 | Create | Villager (Male) |
| 0:04 | Create | Villager (Male) |
| 0:04 | Create | Villager (Male) |
| 0:05 | Build | House |
| 0:07 | Build | House |
| 1:28 | Create | Villager (Male) |
| 1:28 | Create | Villager (Male) |
| 1:58 | Build | Lumber Camp |
| 2:01 | Create | Villager (Male) |
| 2:22 | Create | Villager (Male) |
| 2:46 | Create | Villager (Male) |
| 3:03 | Create | Villager (Male) |
| 3:36 | Create | Villager (Male) |
| 3:55 | Build | House |
| 3:55 | Build | House |
| 3:58 | Create | Villager (Male) |
| 4:28 | Create | Villager (Male) |
| 4:32 | Build | House |
| 4:35 | Create | Villager (Male) |
| 4:41 | Build | Mill |
| 5:12 | Create | Villager (Male) |
| 5:23 | Create | Villager (Male) |
| 5:50 | Create | Villager (Male) |
| 5:56 | Create | Villager (Male) |
| 5:59 | Create | Villager (Male) |
| 6:00 | Create | Villager (Male) |
| 6:33 | Create | Villager (Male) |
| 6:35 | Create | Villager (Male) |
| 6:50 | Build | Mining Camp |
| 6:54 | Create | Villager (Male) |
| 7:29 | Create | Villager (Male) |
| 7:56 | Create | Villager (Male) |
| 8:06 | Research | Feudal Age |
| 8:06 | Research | Feudal Age |
| 9:21 | Build | Barracks |
| 9:32 | Create | Villager (Male) |
| 9:32 | Create | Villager (Male) |
| 10:33 | Age | Feudal Age |
| 10:34 | Build | Stable |
| 10:39 | Build | Market |
| 11:26 | Research | Castle Age |
| 11:54 | Research | Double-Bit Axe |
| 11:54 | Research | Double-Bit Axe |
| 12:04 | Research | Gold Mining |
| 12:06 | Research | Horse Collar |
| 12:12 | Build | Farm |
| 12:13 | Build | Farm |
| 12:21 | Build | Farm |
| 12:29 | Build | Farm |
| 12:41 | Build | House |
| 12:42 | Build | House |
| 12:48 | Create | Villager (Male) |
| 12:51 | Build | Farm |
| 13:08 | Build | Farm |
| 13:49 | Create | Villager (Male) |
| 13:52 | Build | Farm |
| 14:06 | Age | Castle Age |
| 14:10 | Create | Camel Scout |
| 14:14 | Research | Bow Saw |
| 14:14 | Research | Bow Saw |
| 14:24 | Create | Villager (Male) |
| 14:57 | Build | Town Center |
| 15:00 | Create | Camel Scout |
| 15:08 | Build | Farm |
| 15:13 | Create | Villager (Male) |
| 15:26 | Create | Camel Scout |
| 15:28 | Create | Villager (Male) |
| 15:53 | Create | Villager (Male) |
| 16:08 | Build | Farm |
| 16:16 | Create | Villager (Male) |
| 16:26 | Create | Villager (Male) |
| 16:39 | Create | Villager (Male) |
| 16:43 | Build | Town Center |
| 16:48 | Create | Villager (Male) |
| 16:49 | Build | Farm |
| 16:51 | Build | Farm |
| 17:11 | Create | Villager (Male) |
| 17:11 | Create | Villager (Male) |
| 17:16 | Create | Villager (Male) |
| 17:17 | Create | Villager (Male) |
| 17:23 | Build | Farm |
| 17:37 | Create | Villager (Male) |
| 17:45 | Build | Farm |
| 17:45 | Create | Villager (Male) |
| 17:52 | Build | Farm |
| 18:02 | Create | Villager (Male) |
| 18:02 | Create | Villager (Male) |
| 18:02 | Create | Villager (Male) |
| 18:14 | Create | Villager (Male) |
| 18:18 | Build | Farm |
| 18:20 | Build | Farm |
| 18:28 | Build | Farm |
| 18:33 | Create | Villager (Male) |
| 18:34 | Create | Villager (Male) |
| 18:39 | Build | Farm |
| 18:41 | Build | Farm |
| 18:43 | Create | Villager (Male) |
| 18:43 | Create | Villager (Male) |
| 18:51 | Create | Villager (Male) |
| 18:51 | Create | Villager (Male) |
| 19:04 | Build | Farm |
| 19:05 | Create | Villager (Male) |
| 19:07 | Create | Villager (Male) |
| 19:07 | Create | Villager (Male) |
| 19:07 | Create | Villager (Male) |
| 19:10 | Build | House |
| 19:14 | Build | House |
| 19:15 | Build | House |
| 19:17 | Create | Villager (Male) |
| 19:20 | Build | Farm |
| 19:23 | Create | Villager (Male) |
| 19:28 | Create | Trade Cart |
| 19:33 | Build | Town Center |
| 19:35 | Create | Villager (Male) |
| 19:40 | Create | Villager (Male) |
| 19:43 | Build | Farm |
| 19:44 | Build | Farm |
| 19:50 | Create | Villager (Male) |
| 19:58 | Create | Villager (Male) |
| 20:10 | Build | Blacksmith |
| 20:12 | Create | Villager (Male) |
| 20:12 | Create | Villager (Male) |
| 20:18 | Research | Wheelbarrow |
| 20:18 | Research | Wheelbarrow |
| 20:24 | Create | Villager (Male) |
| 20:24 | Create | Villager (Male) |
| 20:24 | Create | Villager (Male) |
| 20:35 | Create | Villager (Male) |
| 20:43 | Create | Villager (Male) |
| 20:47 | Create | Villager (Male) |
| 20:47 | Create | Villager (Male) |
| 20:50 | Build | Farm |
| 20:55 | Build | Farm |
| 20:57 | Build | Farm |
| 21:00 | Build | Farm |
| 21:01 | Build | Farm |
| 21:02 | Create | Villager (Male) |
| 21:02 | Create | Villager (Male) |
| 21:15 | Create | Villager (Male) |
| 21:28 | Create | Villager (Male) |
| 21:28 | Create | Villager (Male) |
| 21:28 | Create | Villager (Male) |
| 21:30 | Build | Siege Workshop |
| 21:34 | Build | Farm |
| 21:36 | Create | Villager (Male) |
| 21:42 | Create | Villager (Male) |
| 21:45 | Build | Lumber Camp |
| 21:49 | Create | Villager (Male) |
Build order — [Marty]MeguminEY
First 150 of 671 actions detected
| 0:00 | Create | Villager (Male) ×4 |
| 0:03 | Build | House |
| 0:04 | Build | House |
| 1:27 | Create | Villager (Male) |
| 1:28 | Create | Villager (Male) |
| 2:05 | Create | Villager (Male) |
| 2:05 | Create | Villager (Male) |
| 2:18 | Create | Villager (Male) |
| 2:18 | Create | Villager (Male) |
| 2:20 | Build | Lumber Camp |
| 2:52 | Create | Villager (Male) |
| 2:52 | Create | Villager (Male) |
| 3:18 | Create | Villager (Male) |
| 3:50 | Build | House |
| 3:59 | Create | Villager (Male) |
| 4:24 | Create | Villager (Male) |
| 4:28 | Build | Mill |
| 4:50 | Create | Villager (Male) |
| 5:21 | Create | Villager (Male) |
| 5:21 | Create | Villager (Male) |
| 5:37 | Build | Farm |
| 5:57 | Build | House |
| 6:09 | Create | Villager (Male) |
| 6:09 | Create | Villager (Male) |
| 6:14 | Build | Farm |
| 6:21 | Create | Villager (Male) |
| 6:21 | Create | Villager (Male) |
| 6:29 | Create | Villager (Male) |
| 6:29 | Create | Villager (Male) |
| 6:44 | Build | Farm |
| 7:03 | Create | Villager (Male) |
| 7:13 | Create | Villager (Male) |
| 7:17 | Build | House |
| 8:37 | Build | Mining Camp |
| 9:08 | Research | Feudal Age |
| 9:24 | Build | Barracks |
| 10:18 | Create | Villager (Male) |
| 11:21 | Age | Feudal Age |
| 11:37 | Create | Villager (Male) |
| 11:43 | Build | Stable |
| 11:50 | Build | Blacksmith |
| 12:06 | Create | Villager (Male) |
| 12:32 | Research | Castle Age |
| 12:53 | Research | Horse Collar |
| 12:55 | Build | Farm |
| 12:58 | Build | Farm |
| 13:12 | Build | Farm |
| 13:13 | Build | Farm |
| 13:19 | Research | Double-Bit Axe |
| 13:25 | Build | House |
| 13:54 | Research | Bloodlines |
| 14:45 | Create | Scout Cavalry |
| 14:51 | Build | Farm |
| 15:16 | Age | Castle Age |
| 15:21 | Create | Knight |
| 15:22 | Create | Villager (Male) |
| 15:34 | Build | Town Center |
| 15:42 | Create | Villager (Male) |
| 15:43 | Create | Knight |
| 15:57 | Build | Farm |
| 16:03 | Research | Bow Saw |
| 16:15 | Create | Villager (Male) |
| 16:21 | Build | Farm |
| 16:24 | Create | Villager (Male) |
| 16:28 | Build | Farm |
| 16:37 | Build | Farm |
| 16:39 | Build | Farm |
| 16:45 | Build | Farm |
| 16:46 | Create | Knight |
| 17:03 | Create | Villager (Male) |
| 17:24 | Create | Villager (Male) |
| 17:27 | Build | House |
| 17:31 | Create | Villager (Male) |
| 17:40 | Build | Farm |
| 17:42 | Create | Villager (Male) |
| 17:52 | Build | Siege Workshop |
| 18:06 | Create | Villager (Male) |
| 18:07 | Create | Knight |
| 18:15 | Build | House |
| 18:20 | Build | Farm |
| 18:35 | Create | Villager (Male) |
| 18:47 | Create | Villager (Male) |
| 18:47 | Create | Villager (Male) |
| 19:02 | Build | Farm |
| 19:06 | Create | Knight |
| 19:14 | Create | Mangonel |
| 19:29 | Create | Villager (Male) |
| 19:29 | Create | Villager (Male) |
| 19:31 | Build | House |
| 19:36 | Create | Battering Ram |
| 19:44 | Create | Knight |
| 19:53 | Create | Villager (Male) |
| 19:55 | Create | Villager (Male) |
| 20:13 | Build | Donjon |
| 20:29 | Create | Knight |
| 20:40 | Create | Villager (Male) |
| 20:40 | Create | Villager (Male) |
| 21:02 | Create | Mangonel |
| 21:05 | Create | Villager (Male) |
| 21:10 | Build | House |
| 21:11 | Build | House |
| 21:12 | Build | House |
| 21:17 | Create | Villager (Male) |
| 21:17 | Create | Villager (Male) |
| 21:23 | Research | Loom |
| 22:00 | Create | Villager (Male) |
| 22:01 | Create | Villager (Male) |
| 22:01 | Create | Villager (Male) |
| 22:07 | Build | Market |
| 22:10 | Build | Mill |
| 22:11 | Build | Farm |
| 22:11 | Build | Farm |
| 22:11 | Build | Farm |
| 22:11 | Build | Farm |
| 22:12 | Build | Farm |
| 22:12 | Build | Farm |
| 22:28 | Build | House |
| 22:38 | Create | Villager (Male) |
| 22:38 | Create | Villager (Male) |
| 22:38 | Create | Villager (Male) |
| 22:47 | Create | Knight |
| 23:07 | Create | Villager (Male) |
| 23:07 | Create | Villager (Male) |
| 23:07 | Create | Villager (Male) |
| 23:10 | Build | House |
| 23:30 | Research | Husbandry |
| 23:30 | Create | Villager (Male) |
| 23:30 | Create | Villager (Male) |
| 23:35 | Build | Town Center |
| 23:54 | Create | Villager (Male) |
| 23:54 | Create | Villager (Male) |
| 23:56 | Create | Villager (Male) |
| 23:56 | Create | Villager (Male) |
| 23:59 | Build | House |
| 24:22 | Create | Knight |
| 25:09 | Create | Villager (Male) |
| 25:09 | Create | Villager (Male) |
| 25:10 | Create | Villager (Male) |
| 25:11 | Create | Villager (Male) |
| 25:17 | Build | Town Center |
| 25:18 | Create | Villager (Male) |
| 25:18 | Create | Villager (Male) |
| 25:21 | Build | Farm |
| 25:22 | Build | Farm |
| 25:22 | Build | Farm |
| 25:22 | Build | Farm |
| 25:22 | Build | Farm |
| 25:22 | Build | Farm |
| 25:25 | Research | Heavy Plow |
| 25:30 | Research | Wheelbarrow |
Build order — SeemsFishy
First 150 of 835 actions detected
| 0:02 | Create | Villager (Male) |
| 0:02 | Create | Villager (Male) |
| 0:03 | Create | Villager (Male) |
| 0:04 | Build | House |
| 0:05 | Build | House |
| 0:30 | Create | Villager (Male) |
| 0:31 | Create | Villager (Male) |
| 1:38 | Create | Villager (Male) |
| 1:56 | Build | Lumber Camp |
| 2:09 | Create | Villager (Male) |
| 2:09 | Create | Villager (Male) |
| 2:36 | Create | Villager (Male) |
| 2:55 | Build | Palisade Wall |
| 2:56 | Create | Villager (Male) |
| 3:15 | Create | Villager (Male) |
| 3:33 | Build | Palisade Wall |
| 3:36 | Create | Villager (Male) |
| 3:44 | Create | Villager (Male) |
| 3:49 | Build | House |
| 4:36 | Create | Villager (Male) |
| 4:56 | Create | Villager (Male) |
| 5:23 | Create | Villager (Male) |
| 5:55 | Create | Villager (Male) |
| 6:12 | Create | Villager (Male) |
| 6:25 | Build | Mining Camp |
| 6:33 | Create | Villager (Male) |
| 6:38 | Research | Loom |
| 7:17 | Research | Feudal Age |
| 7:17 | Research | Feudal Age |
| 8:22 | Build | Mill |
| 8:31 | Build | Barracks |
| 9:27 | Age | Feudal Age |
| 9:29 | Create | Villager (Male) |
| 9:35 | Build | House |
| 9:39 | Research | Wheelbarrow |
| 10:01 | Create | Villager (Male) |
| 10:12 | Build | Archery Range |
| 11:03 | Create | Villager (Male) |
| 11:36 | Create | Villager (Male) |
| 11:39 | Create | Archer |
| 11:40 | Create | Archer |
| 11:46 | Research | Double-Bit Axe |
| 11:51 | Research | Horse Collar |
| 11:55 | Build | Farm |
| 11:56 | Build | Farm |
| 12:00 | Build | Farm |
| 12:06 | Build | Farm |
| 12:08 | Create | Archer |
| 12:19 | Build | House |
| 12:36 | Build | Archery Range |
| 12:41 | Create | Archer |
| 12:56 | Create | Villager (Male) |
| 13:02 | Create | Villager (Male) |
| 13:15 | Build | Farm |
| 13:16 | Build | Farm |
| 13:22 | Create | Archer |
| 13:22 | Create | Archer |
| 13:28 | Create | Villager (Male) |
| 13:33 | Build | Farm |
| 13:37 | Build | Farm |
| 13:48 | Build | Archery Range |
| 13:56 | Build | Blacksmith |
| 13:58 | Create | Villager (Male) |
| 14:02 | Build | House |
| 14:03 | Build | House |
| 14:21 | Create | Skirmisher |
| 14:21 | Create | Skirmisher |
| 14:34 | Build | House |
| 14:36 | Build | House |
| 14:42 | Create | Villager (Male) |
| 14:52 | Build | Gate |
| 14:53 | Create | Villager (Male) |
| 14:56 | Build | House |
| 15:02 | Create | Villager (Male) |
| 15:05 | Create | Skirmisher |
| 15:06 | Create | Skirmisher |
| 15:19 | Build | Stone Wall |
| 15:30 | Build | Stone Wall |
| 15:40 | Create | Villager (Male) |
| 15:43 | Build | Farm |
| 16:25 | Build | Market |
| 16:37 | Create | Villager (Male) |
| 16:40 | Build | Farm |
| 16:42 | Build | Farm |
| 16:45 | Build | Farm |
| 16:58 | Build | Farm |
| 17:05 | Create | Villager (Male) |
| 17:18 | Create | Archer |
| 17:18 | Create | Archer |
| 17:18 | Create | Archer |
| 17:41 | Research | Castle Age |
| 18:00 | Build | Farm |
| 18:00 | Build | Farm |
| 18:01 | Build | Farm |
| 18:01 | Build | Farm |
| 18:13 | Research | Padded Archer Armor |
| 18:27 | Create | Skirmisher |
| 18:28 | Create | Skirmisher |
| 18:34 | Create | Villager (Male) |
| 18:49 | Build | Lumber Camp |
| 19:19 | Build | Mining Camp |
| 20:02 | Create | Archer |
| 20:03 | Create | Archer |
| 20:21 | Age | Castle Age |
| 20:23 | Build | Siege Workshop |
| 20:44 | Research | Crossbowman (upgrade) |
| 20:46 | Research | Fletching |
| 21:00 | Create | Mangonel |
| 21:15 | Create | Archer |
| 21:15 | Create | Archer |
| 21:20 | Create | Villager (Male) |
| 21:20 | Create | Villager (Male) |
| 22:13 | Build | House |
| 22:25 | Create | Archer |
| 22:25 | Create | Archer |
| 22:33 | Create | Mangonel |
| 22:41 | Create | Villager (Male) |
| 23:00 | Create | Villager (Male) |
| 23:19 | Research | Bodkin Arrow |
| 23:26 | Build | Farm |
| 23:41 | Build | Farm |
| 24:07 | Build | Castle |
| 24:18 | Build | House |
| 24:26 | Build | House |
| 24:31 | Build | House |
| 24:33 | Build | House |
| 24:37 | Build | House |
| 24:55 | Create | Villager (Male) |
| 24:55 | Create | Villager (Male) |
| 25:07 | Build | Lumber Camp |
| 25:14 | Build | House |
| 25:16 | Build | House |
| 25:22 | Build | Watch Tower |
| 25:25 | Create | Villager (Male) |
| 25:25 | Create | Villager (Male) |
| 25:30 | Build | Farm |
| 25:30 | Build | Farm |
| 25:41 | Create | Ratha (Ranged) |
| 25:41 | Create | Ratha (Ranged) |
| 26:19 | Build | Farm |
| 26:31 | Create | Villager (Male) |
| 26:37 | Create | Ratha (Ranged) |
| 26:37 | Create | Ratha (Ranged) |
| 26:47 | Create | Villager (Male) |
| 26:58 | Create | Villager (Male) |
| 27:09 | Create | Ratha (Ranged) |
| 27:31 | Create | Ratha (Ranged) |
| 27:31 | Create | Ratha (Ranged) |
| 27:37 | Create | Villager (Male) |
| 28:25 | Build | Town Center |
Build order — LowEloFY
First 150 of 504 actions detected
| 0:01 | Create | Villager (Male) |
| 0:01 | Create | Villager (Male) |
| 0:02 | Build | House |
| 0:03 | Create | Villager (Male) |
| 0:05 | Build | House |
| 0:05 | Create | Villager (Male) |
| 1:08 | Create | Villager (Male) |
| 1:36 | Create | Villager (Male) |
| 2:00 | Build | Settlement |
| 2:08 | Create | Villager (Male) |
| 2:50 | Create | Villager (Male) |
| 2:52 | Create | Villager (Male) |
| 3:31 | Create | Villager (Male) |
| 3:36 | Create | Villager (Male) |
| 3:57 | Create | Villager (Male) |
| 4:07 | Build | Settlement |
| 4:26 | Create | Villager (Male) |
| 4:49 | Create | Villager (Male) |
| 4:50 | Create | Villager (Male) |
| 5:24 | Create | Villager (Male) |
| 5:29 | Create | Villager (Male) |
| 6:04 | Build | Settlement |
| 6:08 | Create | Villager (Male) |
| 6:47 | Create | Villager (Male) |
| 6:50 | Create | Villager (Male) |
| 7:05 | Create | Villager (Male) |
| 7:35 | Create | Villager (Male) |
| 7:48 | Create | Villager (Male) |
| 7:56 | Research | Loom |
| 9:12 | Create | Villager (Male) |
| 9:13 | Research | Feudal Age |
| 9:52 | Build | House |
| 10:01 | Build | House |
| 10:16 | Build | House |
| 10:23 | Build | Palisade Wall |
| 10:30 | Build | House |
| 10:51 | Create | Villager (Male) |
| 11:06 | Build | House |
| 11:12 | Build | House |
| 11:15 | Build | House |
| 11:19 | Build | House |
| 11:25 | Age | Feudal Age |
| 11:31 | Build | Market |
| 11:36 | Build | Blacksmith |
| 11:44 | Build | Blacksmith |
| 11:47 | Create | Villager (Male) |
| 11:55 | Build | Watch Tower |
| 11:56 | Create | Villager (Male) |
| 11:59 | Build | House |
| 12:03 | Build | Palisade Wall |
| 12:04 | Create | Villager (Male) |
| 12:27 | Create | Villager (Male) |
| 12:45 | Research | Castle Age |
| 13:12 | Build | House |
| 13:25 | Create | Villager (Male) |
| 13:35 | Research | Double-Bit Axe |
| 14:07 | Build | Watch Tower |
| 15:00 | Create | Villager (Male) |
| 15:25 | Age | Castle Age |
| 15:34 | Build | Castle |
| 15:43 | Build | Farm |
| 15:43 | Build | Farm |
| 15:44 | Build | Farm |
| 15:53 | Create | Villager (Male) |
| 16:10 | Build | Farm |
| 16:20 | Research | Fletching |
| 16:37 | Create | Unit 2579 |
| 16:48 | Build | Farm |
| 16:49 | Build | Farm |
| 16:50 | Build | Farm |
| 16:50 | Build | Farm |
| 16:58 | Create | Unit 2579 |
| 16:59 | Create | Unit 2579 |
| 17:03 | Create | Villager (Male) |
| 17:28 | Create | Unit 2579 |
| 17:34 | Create | Villager (Male) |
| 17:57 | Create | Unit 2579 |
| 17:57 | Create | Unit 2579 |
| 17:57 | Create | Villager (Male) |
| 18:07 | Build | Palisade Gate |
| 18:17 | Create | Villager (Male) |
| 18:22 | Create | Unit 2579 |
| 18:32 | Create | Unit 2579 |
| 18:44 | Create | Villager (Male) |
| 19:11 | Create | Unit 2579 |
| 19:12 | Create | Unit 2579 |
| 19:39 | Create | Unit 2579 |
| 19:44 | Research | Bodkin Arrow |
| 19:49 | Create | Unit 2579 |
| 19:50 | Create | Unit 2579 |
| 20:01 | Build | Farm |
| 20:01 | Build | Farm |
| 20:14 | Create | Unit 2579 |
| 20:14 | Create | Unit 2579 |
| 20:16 | Create | Villager (Male) |
| 20:24 | Create | Villager (Male) |
| 20:25 | Create | Unit 2579 |
| 20:42 | Create | Unit 2579 |
| 20:43 | Create | Villager (Male) |
| 21:08 | Build | Siege Workshop |
| 21:28 | Create | Villager (Male) |
| 21:30 | Build | University |
| 21:37 | Create | Unit 2579 |
| 21:37 | Create | Unit 2579 |
| 21:42 | Create | Villager (Male) |
| 21:43 | Create | Villager (Male) |
| 21:49 | Create | Unit 2579 |
| 21:49 | Create | Unit 2579 |
| 21:50 | Create | Villager (Male) |
| 22:49 | Research | Ballistics |
| 22:52 | Create | Villager (Male) |
| 22:55 | Build | Farm |
| 23:00 | Create | Villager (Male) |
| 23:00 | Create | Villager (Male) |
| 23:13 | Create | Unit 2579 |
| 23:14 | Create | Unit 2579 |
| 23:14 | Create | Villager (Male) |
| 23:20 | Create | Villager (Male) |
| 23:29 | Create | Villager (Male) |
| 23:30 | Create | Unit 2579 |
| 23:30 | Create | Unit 2579 |
| 23:39 | Create | Villager (Male) |
| 23:57 | Create | Villager (Male) |
| 24:06 | Create | Villager (Male) |
| 24:09 | Create | Unit 2579 |
| 24:09 | Create | Unit 2579 |
| 24:16 | Create | Villager (Male) |
| 24:48 | Create | Villager (Male) |
| 24:55 | Create | Unit 2579 |
| 24:55 | Create | Unit 2579 |
| 24:57 | Create | Villager (Male) |
| 25:13 | Create | Villager (Male) |
| 25:14 | Create | Villager (Male) |
| 25:31 | Build | Siege Workshop |
| 25:39 | Create | Unit 2579 |
| 25:39 | Create | Unit 2579 |
| 25:39 | Create | Villager (Male) |
| 25:48 | Create | Villager (Male) |
| 25:51 | Build | Town Center |
| 25:54 | Create | Unit 2579 |
| 25:54 | Create | Unit 2579 |
| 26:01 | Create | Villager (Male) |
| 26:10 | Create | Villager (Male) |
| 26:14 | Build | Farm |
| 26:14 | Build | Farm |
| 26:14 | Build | Farm |
| 26:17 | Build | Farm |
| 26:18 | Research | Bow Saw |
| 26:38 | Create | Villager (Male) |
| 26:45 | Build | Monastery |
Build order — lkg
First 150 of 971 actions detected
| 0:02 | Create | Villager (Male) |
| 0:02 | Create | Villager (Male) |
| 0:02 | Create | Villager (Male) |
| 0:04 | Build | House |
| 0:06 | Build | House |
| 0:13 | Create | Villager (Male) |
| 1:17 | Create | Villager (Male) |
| 1:18 | Create | Villager (Male) |
| 2:48 | Create | Villager (Male) |
| 2:48 | Create | Villager (Male) |
| 2:57 | Create | Villager (Male) |
| 2:59 | Build | Lumber Camp |
| 2:59 | Create | Villager (Male) |
| 3:41 | Create | Villager (Male) |
| 4:37 | Build | House |
| 4:51 | Create | Villager (Male) |
| 5:15 | Create | Villager (Male) |
| 5:44 | Create | Villager (Male) |
| 5:46 | Create | Villager (Male) |
| 5:48 | Build | Barracks |
| 6:30 | Build | House |
| 6:32 | Create | Villager (Male) |
| 6:45 | Research | Loom |
| 7:23 | Research | Feudal Age |
| 7:40 | Create | Militia |
| 7:40 | Create | Militia |
| 7:48 | Build | Mining Camp |
| 8:01 | Create | Militia |
| 8:16 | Create | Militia |
| 8:21 | Build | Mill |
| 8:52 | Build | House |
| 9:07 | Build | House |
| 9:10 | Build | House |
| 9:19 | Create | Villager (Male) |
| 9:34 | Age | Feudal Age |
| 9:36 | Research | Man-at-Arms (upgrade) |
| 10:02 | Build | Watch Tower |
| 10:06 | Create | Villager (Male) |
| 10:24 | Create | Villager (Male) |
| 10:31 | Build | Archery Range |
| 10:46 | Research | Double-Bit Axe |
| 10:47 | Research | Double-Bit Axe |
| 10:58 | Create | Villager (Male) |
| 11:00 | Build | Farm |
| 11:04 | Build | Farm |
| 11:33 | Create | Villager (Male) |
| 11:45 | Build | Farm |
| 11:50 | Create | Villager (Male) |
| 11:50 | Create | Villager (Male) |
| 11:58 | Build | House |
| 12:15 | Build | House |
| 12:16 | Create | Villager (Male) |
| 12:23 | Create | Archer |
| 12:23 | Create | Archer |
| 12:43 | Create | Archer |
| 12:48 | Build | House |
| 12:50 | Create | Villager (Male) |
| 12:51 | Build | Mining Camp |
| 13:09 | Build | House |
| 13:21 | Create | Villager (Male) |
| 13:22 | Create | Villager (Male) |
| 13:23 | Build | Farm |
| 13:33 | Build | Farm |
| 13:36 | Create | Archer |
| 14:09 | Create | Villager (Male) |
| 14:28 | Create | Villager (Male) |
| 14:30 | Build | Farm |
| 14:32 | Build | Farm |
| 14:54 | Create | Villager (Male) |
| 15:05 | Build | Blacksmith |
| 15:18 | Build | Farm |
| 15:25 | Create | Villager (Male) |
| 15:45 | Build | Watch Tower |
| 15:50 | Create | Villager (Male) |
| 15:52 | Research | Wheelbarrow |
| 16:09 | Research | Fletching |
| 16:20 | Build | Watch Tower |
| 16:25 | Build | Watch Tower |
| 16:50 | Create | Villager (Male) |
| 17:03 | Build | Palisade Wall |
| 17:04 | Build | Palisade Wall |
| 17:04 | Build | Palisade Wall |
| 17:05 | Build | Palisade Wall |
| 17:05 | Build | Palisade Wall |
| 17:06 | Build | Palisade Wall |
| 17:07 | Build | Palisade Wall |
| 17:07 | Build | Palisade Wall |
| 17:21 | Build | Market |
| 17:24 | Build | House |
| 17:31 | Build | Farm |
| 17:33 | Build | Farm |
| 17:54 | Create | Villager (Male) |
| 17:59 | Build | Farm |
| 18:01 | Build | Farm |
| 18:04 | Build | Farm |
| 18:20 | Build | Watch Tower |
| 18:31 | Create | Villager (Male) |
| 19:02 | Build | Farm |
| 19:07 | Research | Castle Age |
| 19:20 | Build | Watch Tower |
| 19:51 | Build | House |
| 19:53 | Build | House |
| 19:55 | Build | House |
| 19:56 | Build | Palisade Wall |
| 20:10 | Create | Archer |
| 20:10 | Create | Archer |
| 20:24 | Build | House |
| 20:29 | Build | Palisade Wall |
| 20:44 | Research | Gold Mining |
| 20:45 | Research | Gold Mining |
| 20:51 | Research | Padded Archer Armor |
| 21:09 | Create | Archer |
| 21:31 | Create | Villager (Male) |
| 21:42 | Build | Farm |
| 21:47 | Age | Castle Age |
| 21:52 | Build | House |
| 21:53 | Research | Crossbowman (upgrade) |
| 22:01 | Create | Villager (Male) |
| 22:22 | Build | Farm |
| 22:24 | Create | Villager (Male) |
| 22:26 | Build | Town Center |
| 22:32 | Research | Bodkin Arrow |
| 22:58 | Create | Villager (Male) |
| 23:00 | Research | Bow Saw |
| 23:04 | Research | Horse Collar |
| 23:04 | Research | Horse Collar |
| 23:07 | Build | Farm |
| 23:08 | Build | Farm |
| 23:21 | Create | Villager (Male) |
| 23:30 | Create | Villager (Male) |
| 23:34 | Build | Town Center |
| 23:37 | Create | Archer |
| 23:37 | Create | Archer |
| 23:37 | Create | Archer |
| 23:48 | Create | Villager (Male) |
| 23:48 | Create | Villager (Male) |
| 23:50 | Create | Villager (Male) |
| 23:50 | Create | Villager (Male) |
| 23:52 | Build | Farm |
| 24:07 | Create | Archer |
| 24:07 | Create | Archer |
| 24:07 | Create | Archer |
| 24:16 | Create | Villager (Male) |
| 24:16 | Create | Villager (Male) |
| 24:47 | Create | Archer |
| 24:53 | Create | Villager (Male) |
| 24:54 | Create | Villager (Male) |
| 24:54 | Create | Villager (Male) |
| 24:56 | Build | Farm |
| 24:56 | Build | Farm |
Match timeline
| 2:55 | SeemsFishy · wall_segment Palisade Wall x2 |
| 3:33 | SeemsFishy · wall_segment Palisade Wall x1 |
| 5:48 | lkg · first_building Barracks |
| 8:31 | SeemsFishy · first_building Barracks |
| 8:51 | The Rohirrim · first_building Barracks |
| 9:21 | rudymagallol · first_building Barracks |
| 9:24 | [Marty]MeguminEY · first_building Barracks |
| 9:27 | SeemsFishy · age_up feudal |
| 9:34 | lkg · age_up feudal |
| 10:08 | Kaarlos · age_up feudal |
| 10:12 | SeemsFishy · first_building Archery Range |
| 10:23 | LowEloFY · wall_segment Palisade Wall x4 |
| 10:31 | lkg · first_building Archery Range |
| 10:33 | rudymagallol · age_up feudal |
| 10:34 | rudymagallol · first_building Stable |
| 10:52 | pigpig_aoe · age_up feudal |
| 11:18 | The Rohirrim · age_up feudal |
| 11:21 | [Marty]MeguminEY · age_up feudal |
| 11:22 | rudymagallol · first_market_buy 100 food |
| 11:25 | rudymagallol · first_market_sell 100 stone |
| 11:25 | LowEloFY · age_up feudal |
| 11:29 | The Rohirrim · first_building Archery Range |
| 11:43 | [Marty]MeguminEY · first_building Stable |
| 11:45 | pigpig_aoe · first_market_sell 100 wood |
| 11:46 | pigpig_aoe · first_market_buy 100 food |
| 12:03 | LowEloFY · wall_segment Palisade Wall x1 |
| 12:30 | LowEloFY · first_market_sell 100 stone |
| 12:31 | LowEloFY · first_market_buy 100 food |
| 14:06 | rudymagallol · age_up castle |
| 14:18 | Kaarlos · age_up castle |
| 14:33 | Kaarlos · first_market_buy 100 wood |
| 14:40 | pigpig_aoe · age_up castle |
| 15:02 | The Rohirrim · age_up castle |
| 15:16 | [Marty]MeguminEY · age_up castle |
| 15:19 | SeemsFishy · wall_segment Stone Wall x7 |
| 15:25 | LowEloFY · age_up castle |
| 15:30 | SeemsFishy · wall_segment Stone Wall x12 |
| 15:34 | LowEloFY · first_building Castle |
| 15:55 | The Rohirrim · first_market_buy 100 food |
| 17:03 | lkg · wall_segment Palisade Wall x1 |
| 17:04 | lkg · wall_segment Palisade Wall x1 |
| 17:04 | lkg · wall_segment Palisade Wall x1 |
| 17:05 | lkg · wall_segment Palisade Wall x1 |
| 17:05 | lkg · wall_segment Palisade Wall x1 |
| 17:06 | lkg · wall_segment Palisade Wall x1 |
| 17:07 | lkg · wall_segment Palisade Wall x1 |
| 17:07 | lkg · wall_segment Palisade Wall x1 |
| 17:31 | SeemsFishy · first_market_sell 100 wood |
| 17:34 | SeemsFishy · first_market_buy 100 food |
| 17:52 | [Marty]MeguminEY · first_building Siege Workshop |
| 18:05 | Kaarlos · first_building Barracks |
| 18:27 | lkg · first_market_buy 100 food |
| 18:30 | lkg · first_market_sell 100 wood |
| 19:14 | pigpig_aoe · first_building Castle |
| 19:21 | Kaarlos · first_building Siege Workshop |
| 19:56 | lkg · wall_segment Palisade Wall x1 |
| 20:13 | [Marty]MeguminEY · first_building Donjon |
| 20:21 | SeemsFishy · age_up castle |
| 20:23 | SeemsFishy · first_building Siege Workshop |
| 20:29 | lkg · wall_segment Palisade Wall x1 |
| 21:08 | LowEloFY · first_building Siege Workshop |
| 21:30 | rudymagallol · first_building Siege Workshop |
| 21:37 | Kaarlos · first_building Monastery |
| 21:47 | lkg · age_up castle |
| 22:05 | Kaarlos · first_building Stable |
| 22:56 | Kaarlos · wall_segment Palisade Wall x5 |
| 23:09 | Kaarlos · wall_segment Palisade Wall x1 |
| 24:07 | SeemsFishy · first_building Castle |
| 24:23 | pigpig_aoe · first_building Monastery |
| 24:53 | rudymagallol · first_building Monastery |
| 25:58 | [Marty]MeguminEY · first_building Monastery |
| 26:45 | LowEloFY · first_building Monastery |
| 26:50 | pigpig_aoe · first_building Barracks |
| 26:56 | [Marty]MeguminEY · first_market_buy 100 stone |
| 27:34 | rudymagallol · first_building Castle |
| 28:49 | lkg · first_building Castle |
| 28:51 | rudymagallol · age_up imperial |
| 31:20 | pigpig_aoe · age_up imperial |
| 31:38 | The Rohirrim · first_building Monastery |
| 32:17 | LowEloFY · wall_segment Stone Wall x17 |
| 32:19 | [Marty]MeguminEY · first_building Castle |
| 32:30 | LowEloFY · wall_segment Stone Wall x10 |
| 32:33 | rudymagallol · wall_segment Stone Wall x14 |
| 32:36 | rudymagallol · wall_segment Stone Wall x2 |
| 32:38 | LowEloFY · wall_segment Stone Wall x24 |
| 32:44 | [Marty]MeguminEY · wall_segment Stone Wall x6 |
| 32:47 | LowEloFY · wall_segment Stone Wall x12 |
| 33:27 | rudymagallol · first_building Archery Range |
| 33:32 | pigpig_aoe · first_building Siege Workshop |
| 33:54 | LowEloFY · wall_segment Stone Wall x2 |
| 34:11 | Kaarlos · first_market_sell 100 wood |
| 34:16 | [Marty]MeguminEY · first_market_sell 500 wood |
| 34:35 | The Rohirrim · first_building Castle |
| 34:36 | SeemsFishy · wall_segment Stone Wall x7 |
| 34:36 | lkg · age_up imperial |
| 35:26 | rudymagallol · tribute_sent a jugador 1 |
| 35:26 | rudymagallol · tribute_sent a jugador 2 |
| 35:26 | rudymagallol · tribute_sent a jugador 4 |
| 35:26 | rudymagallol · tribute_sent a jugador 5 |
| 35:26 | rudymagallol · tribute_sent a jugador 6 |
| 35:26 | rudymagallol · tribute_sent a jugador 7 |
| 35:26 | rudymagallol · tribute_sent a jugador 8 |
| 35:36 | Kaarlos · first_building Archery Range |
| 36:05 | rudymagallol · tribute_sent a jugador 1 |
| 36:05 | rudymagallol · tribute_sent a jugador 2 |
| 36:05 | rudymagallol · tribute_sent a jugador 4 |
| 36:05 | rudymagallol · tribute_sent a jugador 5 |
| 36:05 | rudymagallol · tribute_sent a jugador 6 |
| 36:05 | rudymagallol · tribute_sent a jugador 7 |
| 36:05 | rudymagallol · tribute_sent a jugador 8 |
| 36:31 | The Rohirrim · age_up imperial |
| 36:32 | The Rohirrim · first_building Siege Workshop |
| 36:42 | pigpig_aoe · tribute_sent a jugador 1 |
| 36:42 | pigpig_aoe · tribute_sent a jugador 3 |
| 36:42 | pigpig_aoe · tribute_sent a jugador 4 |
| 36:42 | pigpig_aoe · tribute_sent a jugador 5 |
| 36:42 | pigpig_aoe · tribute_sent a jugador 6 |
| 36:42 | pigpig_aoe · tribute_sent a jugador 7 |
| 36:42 | pigpig_aoe · tribute_sent a jugador 8 |
| 36:53 | LowEloFY · first_building Barracks |
| 37:13 | pigpig_aoe · tribute_sent a jugador 1 |
| 37:13 | pigpig_aoe · tribute_sent a jugador 3 |
| 37:13 | pigpig_aoe · tribute_sent a jugador 4 |
| 37:13 | pigpig_aoe · tribute_sent a jugador 5 |
| 37:13 | pigpig_aoe · tribute_sent a jugador 6 |
| 37:13 | pigpig_aoe · tribute_sent a jugador 7 |
| 37:13 | pigpig_aoe · tribute_sent a jugador 8 |
| 37:38 | Kaarlos · age_up imperial |
| 37:48 | Kaarlos · first_building Castle |
| 38:55 | SeemsFishy · age_up imperial |
| 39:34 | [Marty]MeguminEY · age_up imperial |
| 39:48 | [Marty]MeguminEY · wall_segment Stone Wall x8 |
| 39:53 | LowEloFY · age_up imperial |
| 42:23 | Kaarlos · tribute_sent a jugador 2 |
| 42:23 | Kaarlos · tribute_sent a jugador 3 |
| 42:23 | Kaarlos · tribute_sent a jugador 4 |
| 42:23 | Kaarlos · tribute_sent a jugador 5 |
| 42:23 | Kaarlos · tribute_sent a jugador 6 |
| 42:23 | Kaarlos · tribute_sent a jugador 7 |
| 42:23 | Kaarlos · tribute_sent a jugador 8 |
| 42:37 | rudymagallol · tribute_sent a jugador 1 |
| 42:37 | rudymagallol · tribute_sent a jugador 2 |
| 42:37 | rudymagallol · tribute_sent a jugador 4 |
| 42:37 | rudymagallol · tribute_sent a jugador 5 |
| 42:37 | rudymagallol · tribute_sent a jugador 6 |
| 42:37 | rudymagallol · tribute_sent a jugador 7 |
| 42:37 | rudymagallol · tribute_sent a jugador 8 |
| 42:45 | Kaarlos · tribute_sent a jugador 2 |
| 42:45 | Kaarlos · tribute_sent a jugador 3 |
| 42:45 | Kaarlos · tribute_sent a jugador 4 |
| 42:45 | Kaarlos · tribute_sent a jugador 5 |
| 42:45 | Kaarlos · tribute_sent a jugador 6 |
| 42:45 | Kaarlos · tribute_sent a jugador 7 |
| 42:45 | Kaarlos · tribute_sent a jugador 8 |
| 42:47 | pigpig_aoe · first_building Stable |
| 43:15 | pigpig_aoe · tribute_sent a jugador 1 |
| 43:15 | pigpig_aoe · tribute_sent a jugador 3 |
| 43:15 | pigpig_aoe · tribute_sent a jugador 4 |
| 43:15 | pigpig_aoe · tribute_sent a jugador 5 |
| 43:15 | pigpig_aoe · tribute_sent a jugador 6 |
| 43:15 | pigpig_aoe · tribute_sent a jugador 7 |
| 43:15 | pigpig_aoe · tribute_sent a jugador 8 |
| 43:21 | [Marty]MeguminEY · wall_segment Stone Wall x12 |
| 43:25 | pigpig_aoe · tribute_sent a jugador 1 |
| 43:25 | pigpig_aoe · tribute_sent a jugador 3 |
| 43:25 | pigpig_aoe · tribute_sent a jugador 4 |
| 43:25 | pigpig_aoe · tribute_sent a jugador 5 |
| 43:25 | pigpig_aoe · tribute_sent a jugador 6 |
| 43:25 | pigpig_aoe · tribute_sent a jugador 7 |
| 43:25 | pigpig_aoe · tribute_sent a jugador 8 |
| 43:25 | lkg · first_building Siege Workshop |
| 43:55 | Kaarlos · tribute_sent a jugador 2 |
| 43:55 | Kaarlos · tribute_sent a jugador 3 |
| 43:55 | Kaarlos · tribute_sent a jugador 4 |
| 43:55 | Kaarlos · tribute_sent a jugador 5 |
| 43:55 | Kaarlos · tribute_sent a jugador 6 |
| 43:55 | Kaarlos · tribute_sent a jugador 7 |
| 43:55 | Kaarlos · tribute_sent a jugador 8 |
| 44:38 | Kaarlos · wall_segment Stone Wall x8 |
| 45:08 | LowEloFY · first_building Archery Range |
| 45:20 | Kaarlos · tribute_sent a jugador 2 |
| 45:20 | Kaarlos · tribute_sent a jugador 3 |
| 45:20 | Kaarlos · tribute_sent a jugador 4 |
| 45:20 | Kaarlos · tribute_sent a jugador 5 |
| 45:20 | Kaarlos · tribute_sent a jugador 6 |
| 45:20 | Kaarlos · tribute_sent a jugador 7 |
| 45:20 | Kaarlos · tribute_sent a jugador 8 |
| 45:50 | Kaarlos · wall_segment Stone Wall x13 |
| 45:56 | Kaarlos · wall_segment Stone Wall x11 |
| 46:01 | [Marty]MeguminEY · wall_segment Stone Wall x10 |
| 46:12 | rudymagallol · tribute_sent a jugador 1 |
| 46:12 | rudymagallol · tribute_sent a jugador 2 |
| 46:12 | rudymagallol · tribute_sent a jugador 4 |
| 46:12 | rudymagallol · tribute_sent a jugador 5 |
| 46:12 | rudymagallol · tribute_sent a jugador 6 |
| 46:12 | rudymagallol · tribute_sent a jugador 7 |
| 46:12 | rudymagallol · tribute_sent a jugador 8 |
| 46:16 | Kaarlos · wall_segment Stone Wall x7 |
| 47:11 | LowEloFY · wall_segment Stone Wall x11 |
| 47:15 | LowEloFY · wall_segment Stone Wall x1 |
| 47:18 | LowEloFY · wall_segment Stone Wall x1 |
| 47:20 | LowEloFY · wall_segment Stone Wall x5 |
| 49:13 | [Marty]MeguminEY · first_building Archery Range |
| 49:22 | The Rohirrim · first_market_sell 100 food |
| 49:56 | pigpig_aoe · tribute_sent a jugador 1 |
| 49:56 | pigpig_aoe · tribute_sent a jugador 3 |
| 49:56 | pigpig_aoe · tribute_sent a jugador 4 |
| 49:56 | pigpig_aoe · tribute_sent a jugador 5 |
| 49:56 | pigpig_aoe · tribute_sent a jugador 6 |
| 49:56 | pigpig_aoe · tribute_sent a jugador 7 |
| 49:56 | pigpig_aoe · tribute_sent a jugador 8 |
| 50:32 | pigpig_aoe · wall_segment Stone Wall x22 |
| 50:55 | rudymagallol · tribute_sent a jugador 1 |
| 50:55 | rudymagallol · tribute_sent a jugador 2 |
| 50:55 | rudymagallol · tribute_sent a jugador 4 |
| 50:55 | rudymagallol · tribute_sent a jugador 5 |
| 50:55 | rudymagallol · tribute_sent a jugador 6 |
| 50:55 | rudymagallol · tribute_sent a jugador 7 |
| 50:55 | rudymagallol · tribute_sent a jugador 8 |
| 51:33 | The Rohirrim · wall_segment Stone Wall x6 |
| 51:46 | [Marty]MeguminEY · wall_segment Stone Wall x1 |
| 51:51 | Kaarlos · wall_segment Stone Wall x20 |
| 52:50 | pigpig_aoe · tribute_sent a jugador 1 |
| 52:50 | pigpig_aoe · tribute_sent a jugador 3 |
| 52:50 | pigpig_aoe · tribute_sent a jugador 4 |
| 52:50 | pigpig_aoe · tribute_sent a jugador 5 |
| 52:50 | pigpig_aoe · tribute_sent a jugador 6 |
| 52:50 | pigpig_aoe · tribute_sent a jugador 7 |
| 52:50 | pigpig_aoe · tribute_sent a jugador 8 |
| 57:08 | The Rohirrim · resign |
| 61:18 | Kaarlos · wall_segment Stone Wall x5 |
[ AI ANALYSIS · 1 CREDIT ]
What really happened in this match?
Wolo.gg analyzes every decision: build order, eco, micro, common mistakes by bracket. Personalized analysis on WhatsApp or Discord in 30 seconds.
Civ guide
Ethiopians
Perfil
Jugador #1439621